 Dungeon Crawl Stone Soup version 0.31-a0-1-g4198be8af4 (webtiles) character file.

Game seed: 4354878645619375560

32 Maxmaps the Conjurer (level 3, -1/26 HPs)
             Began as a Ghoul Conjurer on Apr 30, 2023.
             Slain by Ijyb
             ... wielding a +0 club
              (3 damage)
             ... on level 3 of the Dungeon.
             The game lasted 00:02:31 (1977 turns).

Maxmaps the Conjurer (Ghoul Conjurer)               Turns: 1977, Time: 00:02:32

Health: -1/26      AC:  5    Str: 10      XL:     3   Next: 25%
Magic:  1/6        EV: 10    Int: 14 (15) God:
Gold:   115        SH:  0    Dex:  5 (7)  Spells: 5/8 levels left

rFire   . . .        (no weapon)
rCold   + . .        (no shield)
rNeg    + + +        m - +0 ring mail
rPois   ∞            (no helmet)
rElec   .            (no cloak)
rCorr   .            (no gloves)
SInv    .            (no boots)
Will    .....        j - amulet of magic regeneration
Stlth   +            (no ring)
HPRegen 0.00/turn    (no ring)
MPRegen 0.50/turn

%: no passive effects
@: inhibited regen
A: claws 1, cold resistance 1, negative energy resistance 3, inhibited
regeneration, torment resistance 2, devour on kill
a: no special abilities


You were on level 3 of the Dungeon.
You visited 1 branch of the dungeon, and saw 3 of its levels.

You collected 115 gold pieces.

Inventory:

Armour
 a - a +0 robe
 m - a +0 ring mail (worn)
Jewellery
 e - a ring of fire
 j - an amulet of magic regeneration (around neck)
Scrolls
 d - a scroll of teleportation {unknown}
 f - a scroll of brand weapon {unknown}
 h - a scroll of acquirement {unknown}
 i - 4 scrolls of identify {unknown}
 k - a scroll of enchant armour {unknown}
 o - a scroll of immolation {unknown}
 p - a scroll of fear {unknown}
Potions
 b - a potion of magic
 c - a potion of cancellation {unknown}
 g - a potion of mutation
 l - a potion of attraction {unknown}
 n - a potion of brilliance {unknown}


   Skills:
 - Level 1.7 Dodging
 - Level 2.1 Stealth
 + Level 3.1 Spellcasting
 - Level 3.2 Conjurations


You had 5 spell levels left.
You knew the following spells:

 Your Spells              Type           Power      Damage    Failure   Level
a - Magic Dart            Conj           44%        1d5       14%         1
b - Searing Ray           Conj           22%        2d5       22%         2

Your spell library contained the following spells:

 Spells                   Type           Power      Damage    Failure   Level
 Cigotuvi's Dreadful Rot  Necr/Pois/Air  4%         N/A       63%         2
 Dazzling Flash           Conj/Hex       12%        N/A       65%         3
 Fulminant Prism          Conj/Hex       3%         3d5       96%         4
 Iskenderun's Mystic Bla  Conj/Tloc      6%         2d4       96%         4
 Dispel Undead            Necr           2%         3d7       99%         4
 Death Channel            Necr           1%         N/A       100%        6


Dungeon Overview and Level Annotations

Branches:
Dungeon (3/15)

Altars:

Annotations:
D:3 Ijyb


Innate Abilities, Weirdness & Mutations

You are immune to poison.
You have sharp fingernails.
Your flesh is cold resistant. (rC+)
You are immune to negative energy. (rN+++)
You do not regenerate when monsters are visible.
You are immune to unholy pain and torment.
You thrive by killing the living.


Message History

Casting: Searing Ray (safe; 21% risk of failure)
Confirm with . or Enter, or press ? or * to list all spells.
Aiming: Searing Ray (safe; 21% risk of failure)
Press: ? - help, Shift-Dir - straight line, f - goblin
Aim: a goblin, wielding a +0 dagger (70% to hit)
The searing ray hits Ijyb.
Ijyb is moderately wounded.
The searing ray hits the goblin.
You kill the goblin! (Press . to maintain the ray.)
The searing ray hits Ijyb!
Ijyb is severely wounded.
Ijyb screams, "No!
No, no, no, no!"
The searing ray hits Ijyb but does no damage.
Ijyb is severely wounded.
Ijyb barely misses you. Ijyb attacks as you move away!
Ijyb hits you with a +0 club.
* * * LOW HITPOINT WARNING * * *
Ijyb barely misses you. Ijyb attacks as you move away!
Ijyb hits you with a +0 club.
* * * LOW HITPOINT WARNING * * *
Ijyb zaps a wand.
The puff of flame hits you.
* * * LOW HITPOINT WARNING * * *
It was a potion of mutation.
You feel extremely strange.
Your body decomposes!
You feel dopey.
Your body decomposes!
You feel clumsy.
Your body decomposes!
You feel clumsy.
Casting: Searing Ray (safe; 22% risk of failure)
Confirm with . or Enter, or press ? or * to list all spells.
Aiming: Searing Ray (safe; 22% risk of failure)
Press: ? - help, Shift-Dir - straight line, f - Ijyb
Aim: Ijyb, wielding a +0 club, wearing a +0 scale mail and carrying a wand of flame (17) (severely wounded, 73% to hit)
The searing ray hits Ijyb.
Ijyb is severely wounded. (Press . to maintain the ray.) Ijyb hits you with a +0 club.
You die...

.. ...# .......
.....# #.[....
.#..###..##.#
.... ..##.# #..#
#.##.# #..#
#.##.#
#..####....######
#...............#
#@##.#####.####.#
#########g##.#
#.# #)#
#.()).)...##.#
#.# #.#
#.##########.#
#[# #.# #[# #.#
##.####.# #g###
#.. ...^....#
#g..# #..
####.#..#
#.#...... #.#..#
#.)...... #.#..#


You could see Ijyb.

Vanquished Creatures
  2 endoplasms (D:1)
  A giant cockroach (D:2)
  6 hobgoblins
  3 quokkas
  A ball python (D:1)
  2 bats (D:2)
  6 goblins
  4 kobolds
  4 rats
29 creatures vanquished.

Notes
Turn   | Place    | Note
-------+----------+-------------------------------------------
     0 | D:1      | Maxmaps the Ghoul Conjurer began the quest for the Orb.
     0 | D:1      | Reached XP level 1. HP: 14/14 MP: 2/2
   248 | D:1      | Reached XP level 2. HP: 11/20 MP: 4/4
   342 | D:1      | Found a faded altar of an unknown god.
   818 | D:1      | Learned a level 2 spell: Searing Ray
  1904 | D:3      | Reached XP level 3. HP: 26/26 MP: 3/6
  1950 | D:3      | Noticed Ijyb
  1977 | D:3      | Slain by Ijyb

Illustrated notes

Levels and vault maps discovered:
D:1:      dreamdust_arrival_sigmund_warning, layout_loops_ring,
          hellmonk_ecumenical_altar_zigzags, serial_glass, glass_columns_c,
          glass_columns_b
D:2:      kennysheep_big_flooded_room, layout_basic, basic_altar
D:3:      kennysheep_the_goblin_king, layout_loops_ring

Skill      XL: |  1  2  3 |
---------------+----------+-----
Spellcasting   | 2 3 |  3.1
Dodging        | |  1.7
Stealth        | |  2.1
Conjurations   | |  3.2

Action                     || total
---------------------------++-------
  Melee: Unarmed           ||    61
         Punch             ||     1
   Cast: Magic Dart        ||    36
         Searing Ray       ||     3
    Use: Potion            ||     1
 Armour: Robe              ||    16
         Ring mail         ||     2
  Dodge: Dodged            ||    35

Table legend: (Time is in decaauts)
 A = Elapsed time spent in this place.
 B = Non-inter-level travel time spent in this place.
 C = Inter-level travel time spent in this place.
 D = Time resting spent in this place.
 E = Time spent auto-exploring this place.
 F = Levels seen in this place.
 G = Mean time per level.
                   A        B        C        D        E       F      G
               +--------+--------+--------+--------+--------+-----+--------+
         Total |   1976 |   1803 |    173 |     53 |   1466 |   3 |  658.7 |
       Dungeon |   1976 |   1803 |    173 |     53 |   1466 |   3 |  658.7 |
               +--------+--------+--------+--------+--------+-----+--------+

Top non-repeatable levels by time:
     D:1: 958 daAuts
     D:2: 731 daAuts
     D:3: 286 daAuts
